 Dungeon Crawl Stone Soup version 0.25-a0-36-g303dd5b1f4 (webtiles) character file.

Game seed: 17947459537991412664, levelgen mode: deterministic

184 Johnny the Digger (level 5, 0/34 HPs)
             Began as a Demigod Earth Elementalist on Oct 20, 2019.
             Slain by Pikel
             ... wielding a +2 whip of flaming
              (11 damage)
             ... on level 4 of the Dungeon.
             The game lasted 00:03:28 (7544 turns).

Johnny the Digger (Demigod Earth Elementalist)      Turns: 7544, Time: 00:03:28

Health: 0/34       AC:  3    Str: 10 (11) XL:     5   Next: 13%
Magic:  0/12       EV: 21    Int: 25 (26) God:
Gold:   123        SH:  0    Dex: 18 (21) Spells: 8/9 levels left

rFire    + . .     SeeInvis .   d - +0 quarterstaff
rCold    + . .     Gourm    .   (shield currently unavailable)
rNeg     . . .     Faith    .   c - +0 robe
rPois    +         Spirit   .   s - +1 hat
rElec    +         Reflect  .   (no cloak)
rCorr    +         Harm     .   (no gloves)
MR       .....                  (no boots)
Stlth    +++.......             (no amulet)
HPRegen  0.11/turn              h - ring of resist corrosion
MPRegen  0.13/turn              v - +3 ring of evasion

@: brilliant, agile, resistant, flying, very slightly contaminated, hasted,
invisible, very quick
A: frail 1, high mp 1, sense surroundings 1
a: no special abilities


You were on level 4 of the Dungeon.
You were not hungry.

You visited 1 branch of the dungeon, and saw 4 of its levels.

You collected 123 gold pieces.

Inventory:

Hand Weapons
 d - a +0 quarterstaff (weapon)
 t - a +0 dagger of pain
Missiles
 b - 83 stones (quivered)
Armour
 c - a +0 robe (worn)
 s - a +1 hat (worn)
Jewellery
 h - a ring of resist corrosion (left hand)
 v - a +3 ring of evasion (right hand)
Wands
 i - a wand of polymorph (2)
 x - a wand of random effects (15)
Scrolls
 a - a scroll of fog {unknown}
 f - a scroll of blinking {unknown}
 j - 2 scrolls of remove curse {unknown}
 k - a scroll of teleportation {unknown}
 p - a scroll of noise {unknown}
 y - a scroll of magic mapping {unknown}
 z - a scroll of identify {unknown}
Potions
 g - a potion of cancellation
Comestibles
 u - a ration


   Skills:
 + Level 2.9 Dodging
 - Level 1.7 Stealth
 + Level 2.7 Spellcasting
   Level 0.8 Transmutations
 * Level 4.4 Earth Magic


You had 8 spell levels left.
You knew the following spells:

 Your Spells              Type           Power        Failure   Level  Hunger
a - Sandblast             Erth           #####.       1%          1    None

Your spell library contained the following spells:

 Spells                   Type           Power        Failure   Level  Hunger
 Passwall                 Tmut/Erth      ####....     1%          2    ##.....
 Stone Arrow              Conj/Erth      ####..       1%          3    ###....
 Petrify                  Tmut/Erth      ####....     4%          4    ####...
 Lee's Rapid Deconstruct  Erth           #####.....   5%          5    ######.


Dungeon Overview and Level Annotations

Branches:
Dungeon (4/15)
 Temple: D:4-7

Annotations:
D:4 Pikel


Innate Abilities, Weirdness & Mutations

You have an increased reservoir of magic. (+10% MP)
You are frail. (-10% HP)
You passively map a small area around you.


Message History

The blast of sand hits Pikel.
Pikel is severely wounded.
b - 83 stones Pikel misses you.
Casting: Sandblast (safe; 1% risk of failure)
Confirm with . or Enter, or press ? or * to list all spells.
You don't have enough magic to cast that spell.
No previous command to re-do.
No previous command to re-do.
You closely miss Pikel.
Pikel is severely wounded.
Pikel misses you.
Evoke which item? (* to show all) (? for menu, Esc to quit)
Okay, then.
You barely miss Pikel.
Pikel is severely wounded.
You hit Pikel.
Pikel is almost dead.
Pikel hits you with a +2 whip of flaming!
You die...

* ##
#..>....# ,,
. #.......#
#. #.....[.#
#.##.......#
*
#....#######
#....#
#....#
#....#####
#....pK@.#
##...###.#
##### *.# .#
.# .# .# *
..


You could see Pikel and a slave.

Vanquished Creatures
  3 slaves (D:4)
  Ijyb (D:3)
  A worker ant (D:2)
  3 adders
  2 oozes
  2 worms
  4 leopard geckos
  An orc (D:3)
  12 bats
  A giant cockroach (D:1)
  14 goblins
  10 hobgoblins
  8 jackals
  9 kobolds
  2 quokkas
  4 frilled lizards
  6 rats
83 creatures vanquished.

Notes
Turn   | Place    | Note
-------+----------+-------------------------------------------
     0 | D:1      | Johnny the Demigod Earth Elementalist began the quest for
                  | the Orb.
     0 | D:1      | Reached XP level 1. HP: 14/14 MP: 5/5
   283 | D:1      | Reached skill level 3 in Earth Magic
  1161 | D:1      | Reached XP level 2. HP: 19/20 MP: 2/7
  2708 | D:1      | Reached XP level 3. HP: 20/26 MP: 8/8
  3010 | D:2      | Reached XP level 4. HP: 18/33 MP: 10/10
  4319 | D:2      | Reached skill level 4 in Earth Magic
  5815 | D:3      | HP: 1/33 [poisoned by an adder]
  6501 | D:3      | Noticed Ijyb
  6516 | D:3      | Killed Ijyb
  6841 | D:3      | Reached XP level 5. HP: 20/38 MP: 11/11
  7505 | D:4      | Noticed Pikel
  7505 | D:4      | Noticed a slave
  7505 | D:4      | Noticed a slave
  7505 | D:4      | Noticed a slave
  7505 | D:4      | Noticed a slave
  7520 | D:4      | Gained mutation: You are frail. (-10% HP) [potion of
                  | mutation]
  7520 | D:4      | Gained mutation: You passively map a small area around you.
                  | [potion of mutation]
  7534 | D:4      | Killed a slave
  7536 | D:4      | Killed a slave
  7538 | D:4      | Killed a slave
  7544 | D:4      | Slain by Pikel

Levels and vault maps discovered:
D:1:      zaba_arrival_water, layout_basic
D:2:      layout_basic
D:3:      layout_loops_ring, uniq_ijyb
D:4:      minmay_evil_eye, layout_basic, first_ration,
          nicolae_ossuary_entry_monument, uniq_duvessa, uniq_natasha, uniq_pikel

Skill      XL: |  1  2  3  4 |
---------------+-------------+-----
Dodging        | 2 |  2.9
Earth Magic    | 3 4 |  4.4
Spellcasting   | 2 |  2.7
Stealth        | |  1.7
Transmutations | |  0.8

Action                   |  1- 3 |  4- 6 || total
-------------------------+-------+-------++-------
Melee: Unarmed           |    70 |       ||    70
       Short sword       |    54 |    92 ||   146
       Quarterstaff      |       |    62 ||    62
 Cast: Sandblast         |    32 |    34 ||    66
  Use: Potion            |       |    11 ||    11
 Stab: Sleeping          |     3 |     4 ||     7
       Distracted        |       |     1 ||     1
  Eat: Ration            |     3 |     4 ||     7
       Chunk             |     3 |       ||     3
Armor: Robe              |    31 |    23 ||    54
       Skin              |       |     4 ||     4
Dodge: Dodged            |   140 |   147 ||   287

Table legend:
 A = Non-vault XP
 B = Vault XP
 C = Vault XP percentage of total XP
 D = Non-vault monster count
 E = Vault monster count
 F = Vault count percentage of total count
                 A         B        C        D         E       F
            +---------+---------+-------+---------+---------+-------
      Total |     225 |      38 |  14.4 |      79 |       1 |   1.2
            +---------+---------+-------+---------+---------+-------
        D:1 |      59 |       0 |   0.0 |      31 |       0 |   0.0
        D:2 |     109 |       0 |   0.0 |      29 |       0 |   0.0
        D:3 |      54 |      38 |  41.3 |      18 |       1 |   5.3
        D:4 |       3 |       0 |   0.0 |       1 |       0 |   0.0
            +---------+---------+-------+---------+---------+-------
